 Dungeon Crawl Stone Soup version 0.31-a0-543-geaa9c7a2c0 (webtiles) character file.

Game seed: 17699440759862946926

132059 AIAndy the Spry (level 17, -7/114 HPs)
             Began as an Octopode Shapeshifter on Aug 14, 2023.
             Was the Champion of Hepliaklqana.
             Mangled by a guardian serpent (14 damage)
             ... on level 4 of the Snake Pit on Aug 15, 2023.
             The game lasted 01:51:39 (22613 turns).

AIAndy the Spry (Octopode Shapeshifter)            Turns: 22613, Time: 01:51:39

Health: -7/114     AC:  1    Str: 12    XL:     17   Next: 11%
Magic:  33/33      EV: 44    Int: 12    God:    Hepliaklqana [******]
Gold:   78         SH:  0    Dex: 24    Spells: 24/26 levels left

rFire   . . .        h - +6 arbalest "Damnation" {damnation}
rCold   + + .        (shield currently unavailable)
rNeg    + . .        (helmet currently unavailable)
rPois   +            K - amulet of the acrobat
rElec   +            v - ring of see invisible
rCorr   +            W - ring of magical power
SInv    +            X - ring "Rosuurain" {rPois rC+ rCorr Str-4 Dex+2}
Will    ++...        l - ring of Zittoc {Fly rElec rN+}
Stlth   +++          Y - ring of willpower
HPRegen 0.39/turn    k - ring of Circularity {rC+ Dex+5}
MPRegen 0.23/turn    (no ring)
                     (no ring)

%: acrobat
@: about to teleport, beast-form, wereblooded, acrobatic, flying, invisible
A: beast (slay +4), reduced essence, almost no armour, amphibious, 8 rings,
camouflage 1, gelatinous body 1, (nimble swimmer 1), tentacles
a: Begin Untransformation, Renounce Religion, Recall Ancestor, Ancestor
Identity, Transference, Idealise


You were on level 4 of the Snake Pit.
You worshipped Hepliaklqana.
Hepliaklqana was exalted by your worship.
You were a hulking beast.
You visited 5 branches of the dungeon, and saw 24 of its levels.
You also visited: Sewer and Ice Cave.

You collected 2308 gold pieces.
You spent 2230 gold pieces at shops.


Innate Abilities, Weirdness & Mutations

You are a hulking beast.
Your limbs bulge with bestial killing power. (Slay +4)
Your life essence is reduced to manifest your ancestor. (-10% HP)
You cannot wear most types of armour.
You are amphibious.
You can wear up to eight rings at the same time.
Your skin changes colour to match your surroundings (Stealth+).
Your rubbery body absorbs attacks. (AC +1, EV +1)
((You are camouflaged when in or above water. (Stealth+)))
You have tentacles for arms and can constrict up to eight enemies at once.


   Skills:
 + Level 15.3 Fighting
 + Level 16.5 Ranged Weapons
 + Level 17.5 Dodging
 - Level 3.9 Unarmed Combat
 - Level 5.2 Spellcasting
 - Level 5.7 Transmutations
 + Level 9.7 Invocations
 - Level 3.9 Evocations
 - Level 6.2 Shapeshifting


You had 24 spell levels left.
You knew the following spells:

 Your Spells              Type           Power      Damage    Failure   Level
X - Wereblood             Tmut           16%        N/A       2%          2

Your spell library contained the following spells:

 Spells                   Type           Power      Damage    Failure   Level
 Magic Dart               Conj           12%        1d3       21%         1
 Ignite Poison            Fire/Tmut/Pois 7%         N/A       26%         3
 Cigotuvi's Dreadful Rot  Necr/Pois/Air  6%         N/A       30%         2
 Searing Ray              Conj           6%         2d4       30%         2
 Sublimation of Blood     Necr           3%         N/A       30%         2
 Dazzling Flash           Conj/Hex       6%         N/A       52%         3
 Inner Flame              Hex/Fire       3%         N/A       52%         3
 Tukima's Dance           Hex            3%         N/A       52%         3
 Volatile Blastmotes      Fire/Tloc      6%         2d10      52%         3
 Yara's Violent Unravell  Hex/Tmut       5%         3d4       86%         5
 Fulminant Prism          Conj/Hex       1%         3d5       89%         4
 Leda's Liquefaction      Hex/Erth       1%         N/A       89%         4
 Manifold Assault         Tloc           3%         N/A       89%         4
 Passage of Golubria      Tloc           3%         N/A       89%         4
 Sticky Flame             Conj/Fire      3%         2d3       89%         4
 Freezing Cloud           Conj/Ice/Air   1%         6-21      99%         5
 Lee's Rapid Deconstruct  Erth           1%         3d4*      99%         5
 Dispersal                Tloc           1%         N/A       100%        6
 Leda's Unmaking          Conj/Erth      1%         9d1       100%        6
 Starburst                Conj/Fire      1%         6d3       100%        6
 Enfeeble                 Hex            1%         N/A       100%        7
 Summon Hydra             Summ           1%         N/A       100%        7
 Disjunction              Tloc           1%         N/A       100%        8
 Ignition                 Fire           1%         3d3       100%        8
 Maxwell's Capacitive Co  Air            1%         ∞         100%        8

Inventory:

Hand Weapons
 h - the +6 arbalest "Damnation" (weapon) {damnation}
   (You acquired it on level 2 of the Dungeon)
 o - the +6 falchion "Oseoskee" {heavy, rPois rF+ Int+3 Stlth+}
   (You found it on level 3 of the Dungeon)

   Int+3:     It affects your intelligence (+3).
   rF+:       It protects you from fire.
   rPois:     It protects you from poison Stlth+: It makes you more stealthy.
 y - the +5 great mace of Zin's Indignation {flame, rCorr}
   (You took it off a two-headed ogre on level 10 of the Dungeon)

   rCorr:     It protects you from acid and corrosion.
Armour
 T - the +18 shield of the Gong {Loud rN+ Will+ rCorr EV-5}
   (You acquired it on level 5 of the Lair of Beasts)

   Loud:      It is deafeningly noisy when blocking attacks.
   EV-5:      It affects your evasion (-5).
   rN+:       It protects you from negative energy.
   Will+:     It increases your willpower.
   rCorr:     It protects you from acid and corrosion.
Jewellery
 k - the ring of Circularity (on tentacle) {rC+ Dex+5}
   (You bought it in a shop on level 3 of the Snake Pit)

   [ring of protection from cold]

   Dex+5:     It affects your dexterity (+5).
   rC+:       It protects you from cold.
 l - the ring of Zittoc (on tentacle) {Fly rElec rN+}
   (You bought it in a shop on level 2 of the Orcish Mines)

   [ring of flight]

   rElec:     It insulates you from electricity.
   rN+:       It protects you from negative energy.
   Fly:       It grants you flight.
 v - a ring of see invisible (left tentacle)
 K - an amulet of the acrobat (around mantle)
 W - a ring of magical power (right tentacle)
 X - the ring "Rosuurain" (on tentacle) {rPois rC+ rCorr Str-4 Dex+2}
   (You found it in an ice cave)

   [ring of protection from cold]

   Str-4:     It affects your strength (-4).
   Dex+2:     It affects your dexterity (+2).
   rC+:       It protects you from cold.
   rPois:     It protects you from poison rCorr: It protects you from acid and
   corrosion.
 Y - a ring of willpower (on tentacle)
 Z - the amulet of Bauguf {RegenMP Will- Dex+4 SInv}
   (You found it on level 10 of the Dungeon)

   [amulet of magic regeneration]

   RegenMP:   It increases your rate of magic regeneration.
   Dex+4:     It affects your dexterity (+4).
   Will-:     It decreases your willpower.
   SInv:      It lets you see invisible.
Talismans
 b - a beast talisman (active)
 R - a blade talisman
Wands
 f - a wand of polymorph (18)
 w - a wand of charming (37)
 B - a wand of digging (2)
 D - a wand of roots (5)
 E - a wand of flame (19)
 J - a wand of light (6)
 L - a wand of mindburst (7)
Scrolls
 d - 2 scrolls of immolation {!r}
 e - a scroll of enchant weapon
 g - 4 scrolls of teleportation {@r4}
 i - 2 scrolls of enchant armour
 m - 2 scrolls of revelation
 r - 2 scrolls of amnesia
 u - 2 scrolls of vulnerability {!r}
 A - 2 scrolls of blinking
 C - 4 scrolls of fog
 O - a scroll of summoning
 Q - a scroll of brand weapon {unknown}
 V - 2 scrolls of poison {unknown}
Potions
 a - 3 potions of lignification {!q}
 j - a potion of heal wounds {@q2}
 n - 2 potions of ambrosia
 p - 2 potions of haste {@q3}
 q - 2 potions of resistance
 s - 7 potions of curing {@q1}
 t - 7 potions of attraction {!q}
 x - 5 potions of mutation {!q}
 z - 3 potions of berserk rage {!q}
 F - a potion of invisibility
 G - a potion of might
 H - a potion of enlightenment
 I - a potion of magic
Miscellaneous
 P - a phantom mirror
 S - a condenser vane
 U - a sack of spiders

Dungeon Overview and Level Annotations

Branches:
Dungeon (12/15)            Temple (1/1) D:6            Lair (5/5) D:9
 Shoals (0/4) Lair:3        Snake (4/4) Lair:3        Slime (0/5) Lair:5
    Orc (2/2) D:11            Elf (0/3) Orc:2         Sewer (visited)
  IceCv (visited)

Altars:
Ashenzari
Cheibriados
Dithmenos
Elyvilon
Fedhas
Gozag
Hepliaklqana
Kikubaaqudgha
Makhleb
Nemelex Xobeh
Okawaru
Qazlal
Ru
Sif Muna
Trog
Uskayaw
Vehumet
Wu Jian
Xom
Yredelemnul
Zin
The Shining One
Jiyva
Lugonu

Shops:
D:1 :   D:2 *!***   D:4 [   D:5 !   Orc:1 ?   Orc:2 (([=   Snake:2 :
Snake:3 :==

Portals:
Abyss: Lair:5

Annotations:
Lair:2 2 transporters, niknal's ghost, journeyman TrWr
Snake:1 2 transporters, exclusion: orange crystal statue
Snake:2 2 runed translucent doors, Vohurruu's ghost, adept MiCK

▒▒▒▒▒▒▒▒▒▒▒▒
▒..hS......▒
▒▒..S.....▒
▒▒..N...▒▒
▒▒....▒▒
▒▒..▒▒


NN▒ N.N .... ...▒▒ You could see 2 naga warriors, 2 guardian serpents and 3
nagas.


Message History

A naga warrior comes into view. It is wielding a +0 war axe.
The guardian serpent misses you.
The naga sharpshooter shoots an arrow.
The arrow hits Septima.
The naga sharpshooter gestures wildly while chanting.
The naga sharpshooter magically shoots an arrow.
The arrow hits you!!
* * * LOW HITPOINT WARNING * * *
Septima barely misses the guardian serpent.
The guardian serpent completely misses you.
Your surroundings suddenly seem different. 2 guardian serpents, a naga warrior and 4 nagas come into view.
The naga shouts! x2; You hear a shout!
The naga shouts!
You hear a shout! x6
You fade into invisibility!
You hear a shout!
You hear an angry hiss.
You hear a shout!
The naga misses you. The naga completely misses you.
You hear an angry hiss.
You hear a shout!
As you read the scroll of teleportation {@r4}, it crumbles to dust.
You feel strangely unstable. The guardian serpent misses you.
The naga closely misses you. The naga grabs you. The naga constricts you.
* * * LOW HITPOINT WARNING * * *
A naga warrior comes into view.
It is wielding a +0 trident and wearing a +0 kite shield of positive energy.
The naga spits poison at you. The splash of poison misses you.
The splash of poison hits the guardian serpent.
The guardian serpent completely misses you.
You escape the naga's grasp.
The guardian serpent completely misses you.
Septima has departed this plane of existence.
The guardian serpent hits you!
You die...

Skill      XL: |  1  2  3  4  5  6  7  8  9 10 11 12 13 14 15 16 |
---------------+-------------------------------------------------+-----
Ranged Weapons | 1 3 5 7 9 10 11 12 13 15 16 | 16.5
Shapeshifting  | 4 5 6 |  6.2
Fighting       | 3 5 7 9 11 12 13 14 15 | 15.3
Dodging        | 4 7 10 12 14 15 16 17 | 17.5
Invocations    | 4 6 8 9 |  9.7
Evocations     | 3 |  3.9
Spellcasting   | 1 5 |  5.2
Transmutations | 1 5 |  5.7
Unarmed Combat | |  3.9

Action                     |  1- 3 |  4- 6 |  7- 9 | 10-12 | 13-15 | 16-18 || total
---------------------------+-------+-------+-------+-------+-------+-------++-------
  Melee: Unarmed           |    48 |     1 |       |       |       |       ||    49
         Constrict         |    14 |     1 |       |       |       |       ||    15
         Punch             |     2 |       |       |       |       |       ||     2
         Tentacles         |    10 |       |       |       |       |       ||    10
   Fire: Arbalest          |       |    77 |    83 |   270 |   595 |   250 ||  1275
   Cast: Wereblood         |       |       |       |       |       |    10 ||    10
 Invoke: Ancestor Life: Kn |       |       |       |     1 |       |       ||     1
         Recall Ancestor   |       |       |       |     1 |       |     1 ||     2
         Idealise          |       |       |       |       |     1 |       ||     1
    Use: Scroll            |       |     6 |     4 |    11 |     3 |     4 ||    28
         Potion            |       |     1 |       |       |     1 |     9 ||    11
   Stab: Sleeping          |     3 |       |       |       |       |       ||     3
 Armour: Skin              |     1 |       |       |       |     1 |       ||     2
  Dodge: Dodged            |    29 |    12 |     7 |    67 |    85 |    93 ||   293

Levels and vault maps discovered:
D:1:      tarquinn_simple_flora_water_f, layout_rooms, serial_shops, shop,
          minmay_split_cup_small
D:2:      layout_basic, serial_shops, shop, nicolae_square_shop, shop,
          nicolae_shop_pleasant_corner_grove, shop
D:3:      gammafunk_steamed_eel, layout_basic, gup_sewer_entry_pipe,
          minmay_cupped
D:4:      layout_loops_cross, serial_forest, infiniplex_forest_zigzag_2,
          infiniplex_forest_zigzag_2, infiniplex_forest_clump_large,
          infiniplex_forest_lined_2, infiniplex_forest_clump_C,
          infiniplex_forest_clump_curved, serial_shops, nicolae_stop_n_shop_1,
          uniq_blork_the_orc, uniq_edmund
D:5:      layout_layer_cave, nicolae_overflow_crystal_walls, serial_shops,
          nicolae_shop_industrial_runoff, nicolae_grassy_gnolls, uniq_sigmund
D:6:      layout_basic, grunt_qazlal_sundering, minmay_temple_entry_overgrown,
          uniq_pikel, uniq_grinder
D:7:      cheibrodos_statue_roulette, layout_rooms,
          lemuel_zombie_altar_yredelemnul, uniq_duvessa, uniq_menkaure
D:8:      layout_gridville, minmay_misc_feat_encased, uniq_maggie, uniq_amaemon
D:9:      layout_basic, mainiacjoe_overflow_paths, david_lair_shrubbed
D:10:     layout_loops_corners, gammafunk_ghost_smash
D:11:     layout_irregular_city, minmay_orc_entry_temple_small
D:12:     minmay_ambush_box, layout_rooms, gammafunk_ghost_hydra_chop,
          minmay_circle_x
Temple:   nicolae_temple_bog_church
Lair:1:   layout_cave_pods
Lair:2:   layout_misc_corridors, gammafunk_ghost_hive, beast_lair_carwin_6
Lair:3:   nzn_winding_woodlands_medium [nzn_winding_woodlands_5x5_cross,
          nzn_winding_woodlands_5x15_eye, nzn_winding_woodlands_5x5_three,
          nzn_winding_woodlands_5x5_open_star,
          nzn_winding_woodlands_center_pierced_h,
          nzn_winding_woodlands_5x5_closed_star,
          nzn_winding_woodlands_5x5_checkerboard,
          nzn_winding_woodlands_5x15_lazy_stream,
          nzn_winding_woodlands_5x5_default], layout_loops_ring,
          shoals_dummy_entry, guppyfry_snake_entry_garden, serial_bayou,
          serial_bayou_shore_a, serial_bayou_crossing, serial_bayou_lake_a,
          serial_bayou_pond_d, lemuel_centaur_altar, lemuel_fruit_tree
Lair:4:   layout_cave_pods, cheibrodos_lair_lostbears
Lair:5:   hellmonk_lair_end_abyssal_woods, layout_cave_pods,
          minmay_slime_entry_oklob_enclosed, grunt_megastairs_2,
          serial_bayou_shore_b
Snake:1:  gammafunk_sealed_arena, layout_misc_corridors,
          nicolae_large_snake_swirl
Snake:2:  layout_chambers, ebering_ghost_disaster_area, nicolae_custom_books,
          drop_trap
Snake:3:  layout_cave_town, grunt_megastairs_5, minmay_shop_grove
Snake:4:  johnstein_snake_rune_scales, layout_rooms, serial_shops,
          nicolae_square_shop, nicolae_snake_lava_pool, grunt_megastairs_4
Orc:1:    layout_caves, serial_shops, shop, portal_ice_cave_rime
Orc:2:    grunt_orc_community_town_hall, layout_caves,
          grunt_orc_community_big_house_2, grunt_orc_community_big_house_1,
          grunt_orc_community_house_2, grunt_orc_community_house_1,
          grunt_orc_community_house_3, grunt_orc_community_house_3, uniq_snorg

Notes
Turn   | Place    | Note
-------+----------+-------------------------------------------
     0 | D:1      | AIAndy the Octopode Shapeshifter began the quest for the
                  | Orb.
     0 | D:1      | Reached XP level 1. HP: 13/13 MP: 1/1
    26 | D:1      | Reached XP level 2. HP: 10/18 MP: 2/2
   133 | D:1      | Found Inudogozea's Book Boutique.
   473 | D:2      | Reached XP level 3. HP: 23/23 MP: 3/3
   808 | D:2      | Found Jylleav's General Store.
   815 | D:2      | Bought a scroll of teleportation for 42 gold pieces
   883 | D:2      | Reached XP level 4. HP: 19/28 MP: 4/4
   889 | D:2      | HP: 1/28 [gnoll/+0 whip (9)]
   891 | D:2      | Identified a scroll of acquirement
   891 | D:2      | Acquired the +6 arbalest "Damnation" {damnation}
   891 | D:2      | Found the +6 arbalest "Damnation" {damnation}
  1019 | D:2      | Reached skill level 1 in Ranged Weapons
  1130 | D:2      | Found Neajo's Assorted Antiques.
  1132 | D:2      | Found Ketsat's General Store.
  1143 | D:2      | Found Meyz's General Store.
  1144 | D:2      | Bought a scroll labelled VOUL HANETRUGH for 24 gold pieces
  1144 | D:2      | Bought a scroll labelled RUSIWA GAMAKH for 24 gold pieces
  1191 | D:2      | Found Caocem's Distillery.
  1268 | D:3      | Found a transporter.
  1296 | D:3      | Reached XP level 5. HP: 33/33 MP: 5/5
  1301 | D:3      | Found a transporter.
  1361 | D:3      | Reached skill level 2 in Ranged Weapons
  1372 | D:3      | Found a glowing drain.
  1379 | Sewer    | Entered a sewer
  1391 | Sewer    | Noticed Pargi
  1392 | Sewer    | Killed Pargi
  1393 | Sewer    | Reached skill level 3 in Ranged Weapons
  1405 | Sewer    | Reached XP level 6. HP: 38/38 MP: 6/6
  1539 | D:3      | Reached skill level 4 in Ranged Weapons
  1573 | D:3      | Identified the +6 falchion "Oseoskee" {heavy, rPois rF+
                  | Int+3 Stlth+}
  2318 | D:4      | Noticed Edmund
  2321 | D:4      | Killed Edmund
  2322 | D:4      | Reached skill level 5 in Ranged Weapons
  2387 | D:4      | Noticed Blork the orc
  2388 | D:4      | Killed Blork the orc
  2389 | D:4      | Reached XP level 7. HP: 43/43 MP: 7/7
  2391 | D:4      | Found Aguklum's Antique Armour Boutique.
  2442 | D:4      | Reached skill level 6 in Ranged Weapons
  3079 | D:2      | Bought a potion of curing for 30 gold pieces
  3079 | D:2      | Bought a potion of haste for 100 gold pieces
  3079 | D:2      | Identified a potion of resistance
  3245 | D:5      | Entered Level 5 of the Dungeon
  3285 | D:5      | Found a glowing silver altar of Zin.
  3289 | D:5      | Reached skill level 4 in Shapeshifting
  3300 | D:5      | Reached skill level 7 in Ranged Weapons
  3305 | D:5      | Reached XP level 8. HP: 49/49 MP: 8/8
  3305 | D:5      | Noticed Sigmund
  3307 | D:5      | Killed Sigmund
  3308 | D:5      | Reached skill level 2 in Fighting
  3316 | D:5      | Reached skill level 3 in Dodging
  3630 | D:5      | Found Boevaokh's Distillery.
  4391 | D:6      | Reached skill level 3 in Fighting
  4443 | D:6      | Noticed Grinder
  4445 | D:6      | Killed Grinder
  4446 | D:6      | Reached skill level 4 in Dodging
  4446 | D:6      | Reached skill level 5 in Shapeshifting
  4447 | D:6      | Reached XP level 9. HP: 58/58 MP: 9/9
  4498 | D:6      | Reached skill level 8 in Ranged Weapons
  4615 | D:6      | Reached skill level 4 in Fighting
  4665 | D:6      | Acquired a manual of Dodging
  4670 | D:6      | Noticed Pikel
  4671 | D:6      | Killed Pikel
  4672 | D:6      | Reached skill level 5 in Dodging
  4674 | D:6      | Found a staircase to the Ecumenical Temple.
  4684 | Temple   | Entered the Ecumenical Temple
  4721 | Temple   | Became a worshipper of Hepliaklqana the Forgotten
  4752 | D:6      | Found a stormy altar of Qazlal.
  5400 | D:7      | Noticed Menkaure
  5404 | D:7      | Killed Menkaure
  5405 | D:7      | Reached skill level 5 in Fighting
  5405 | D:7      | Reached skill level 6 in Dodging
  5409 | D:7      | Noticed a gargoyle
  5411 | D:7      | Killed a gargoyle
  5411 | D:7      | Noticed a gargoyle
  5412 | D:7      | Reached skill level 6 in Shapeshifting
  5412 | D:7      | Killed a gargoyle
  5413 | D:7      | Reached skill level 9 in Ranged Weapons
  5413 | D:7      | Reached skill level 7 in Dodging
  5413 | D:7      | Reached XP level 10. HP: 67/67 MP: 10/10
  5413 | D:7      | Noticed Duvessa
  5413 | D:7      | Noticed a gargoyle
  5413 | D:7      | Noticed a gargoyle
  5415 | D:7      | Killed Duvessa
  5415 | D:7      | Noticed Dowan
  5417 | D:7      | Killed a gargoyle
  5418 | D:7      | Reached skill level 6 in Fighting
  5419 | D:7      | Killed a gargoyle
  5420 | D:7      | Reached skill level 8 in Dodging
  5421 | D:7      | Reached * piety under Hepliaklqana
  5458 | D:7      | Killed Dowan
  5631 | D:7      | Found a basalt altar of Yredelemnul.
  6013 | D:8      | Noticed Amaemon
  6013 | D:8      | Noticed an orange demon
  6018 | D:8      | Killed an orange demon
  6020 | D:8      | Killed Amaemon
  6021 | D:8      | Reached skill level 7 in Fighting
  6021 | D:8      | Reached skill level 9 in Dodging
  6139 | D:8      | Noticed Maggie
  6141 | D:8      | Killed Maggie
  6142 | D:8      | Reached skill level 10 in Ranged Weapons
  6157 | D:8      | Reached ** piety under Hepliaklqana
  6158 | D:8      | Remembered your ancestor Septima as a knight
  6846 | D:9      | Reached skill level 10 in Dodging
  6849 | D:9      | Noticed a salamander
  6854 | D:9      | Killed a salamander
  6855 | D:9      | Reached XP level 11. HP: 54/69 MP: 11/11
  7037 | D:9      | Reached skill level 8 in Fighting
  7306 | D:9      | Found a staircase to the Lair.
  7324 | D:9      | Reached *** piety under Hepliaklqana
  7381 | D:9      | Found a shadowy altar of Dithmenos.
  7394 | D:9      | Reached skill level 11 in Dodging
  7551 | D:10     | Entered Level 10 of the Dungeon
  7649 | D:10     | Identified the +5 great mace of Zin's Indignation {flame,
                  | rCorr}
  7649 | D:10     | Noticed a two-headed ogre
  7649 | D:10     | Noticed a two-headed ogre
  7650 | D:10     | Noticed a two-headed ogre
  7650 | D:10     | Noticed AdnanSaban's ghost (journeyman GrFi)
  7651 | D:10     | Found a transporter.
  7653 | D:10     | Noticed a two-headed ogre
  7659 | D:10     | Found a transporter.
  8463 | D:11     | Found a staircase to the Orcish Mines.
  8472 | D:11     | Reached skill level 11 in Ranged Weapons
  8494 | D:11     | Reached skill level 9 in Fighting
  8706 | D:11     | Reached skill level 12 in Dodging
  8796 | D:11     | Reached **** piety under Hepliaklqana
  8849 | D:11     | Noticed a cyclops
  8851 | D:11     | Killed a cyclops
  9256 | D:12     | Noticed a cyclops
  9256 | D:12     | Noticed a centaur warrior
  9256 | D:12     | Noticed an ogre mage
  9256 | D:12     | Noticed a wolf spider
  9256 | D:12     | Noticed a boulder beetle
  9256 | D:12     | Noticed a boulder beetle
  9256 | D:12     | Noticed a boulder beetle
  9385 | D:5      | Bought a potion of invisibility for 96 gold pieces
  9385 | D:5      | Bought a potion of might for 48 gold pieces
  9556 | D:2      | Bought a potion of enlightenment for 50 gold pieces
  9806 | Lair:1   | Entered Level 1 of the Lair of Beasts
  9810 | Lair:1   | Reached XP level 12. HP: 75/77 MP: 12/12
  9950 | Lair:1   | Reached skill level 13 in Dodging
  9968 | Lair:1   | Noticed a boulder beetle
  9973 | Lair:1   | Killed a boulder beetle
  9974 | Lair:1   | Reached skill level 10 in Fighting
  9974 | Lair:1   | Reached skill level 12 in Ranged Weapons
 10065 | Lair:1   | Reached skill level 1 in Invocations
 10172 | Lair:1   | Reached ***** piety under Hepliaklqana
 10355 | Lair:1   | Reached skill level 2 in Invocations
 10367 | Lair:1   | Identified the +1 trident of Yeast {spect, Str+3 Int-5
                  | Dex+3}
 10826 | Lair:2   | Reached skill level 3 in Invocations
 10997 | Lair:2   | Reached skill level 14 in Dodging
 10997 | Lair:2   | Reached skill level 4 in Invocations
 11049 | Lair:2   | Reached skill level 11 in Fighting
 11049 | Lair:2   | Reached XP level 13. HP: 85/85 MP: 16/16
 11051 | Lair:2   | Found a transporter.
 11052 | Lair:2   | Found a transporter.
 11052 | Lair:2   | Noticed niknal's ghost (journeyman TrWr)
 11223 | Lair:2   | Reached skill level 5 in Invocations
 11308 | Lair:2   | Reached skill level 13 in Ranged Weapons
 11595 | Lair:3   | Found a staircase to the Snake Pit.
 11652 | Lair:3   | Found a staircase to the Shoals.
 11979 | Lair:3   | Reached skill level 6 in Invocations
 12406 | Lair:3   | Reached skill level 12 in Fighting
 12631 | Lair:3   | Found a white marble altar of Elyvilon.
 12824 | Lair:4   | Reached skill level 15 in Dodging
 12824 | Lair:4   | Reached XP level 14. HP: 54/92 MP: 19/19
 13259 | Lair:4   | Reached skill level 14 in Ranged Weapons
 13967 | Lair:5   | Entered Level 5 of the Lair of Beasts
 14174 | Lair:5   | Found a viscous altar of Jiyva.
 14259 | Lair:5   | Found a staircase to the Slime Pits.
 14312 | Lair:5   | Reached ****** piety under Hepliaklqana
 14348 | Lair:5   | Acquired the +18 shield of the Gong {Loud rN+ Will+ rCorr
                  | EV-5}
 14348 | Lair:5   | Found the +18 shield of the Gong {Loud rN+ Will+ rCorr
                  | EV-5}
 14391 | Lair:5   | Reached skill level 13 in Fighting
 15120 | Lair:5   | Reached skill level 16 in Dodging
 15129 | Lair:5   | Found a corrupted altar of Lugonu.
 15129 | Lair:5   | Found a one-way gate to the infinite horrors of the Abyss.
 15211 | Lair:5   | Reached skill level 15 in Ranged Weapons
 15654 | Orc:1    | Entered Level 1 of the Orcish Mines
 15683 | Orc:1    | Reached XP level 15. HP: 100/100 MP: 20/20
 15686 | Orc:1    | Reached skill level 1 in Evocations
 15719 | Orc:1    | Found a frozen archway.
 15729 | IceCv    | Entered an ice cave
 16011 | IceCv    | Reached skill level 2 in Evocations
 16082 | IceCv    | Identified a +0 leather armour of resistance
 16187 | IceCv    | Noticed an azure jelly
 16192 | IceCv    | Reached skill level 3 in Evocations
 16193 | IceCv    | Killed an azure jelly
 16194 | IceCv    | Reached skill level 14 in Fighting
 16228 | IceCv    | Found a viscous altar of Jiyva.
 16256 | IceCv    | Got the ring "Rosuurain" {rPois rC+ rCorr Str-4 Dex+2}
 16606 | Orc:2    | Entered Level 2 of the Orcish Mines
 16609 | Orc:2    | Noticed Snorg
 16613 | Orc:2    | Killed Snorg
 16700 | Orc:2    | Found Nameu's Antique Weapon Emporium.
 16762 | Orc:2    | Found a staircase to the Elven Halls.
 16810 | Orc:2    | Noticed an orc warlord
 16815 | Orc:2    | Killed an orc warlord
 16816 | Orc:2    | Reached skill level 7 in Invocations
 16993 | Orc:2    | Found Notu Jye's Jewellery Shoppe.
 17001 | Orc:2    | Bought the ring of Zittoc {Fly rElec rN+} for 464 gold
                  | pieces
 17194 | Orc:2    | Found Taczupt's Antique Armour Shoppe.
 17196 | Orc:2    | Found Teplant's Antique Weapon Emporium.
 17373 | Orc:2    | Bought an amulet of the acrobat for 390 gold pieces
 17373 | Orc:2    | Bought a ring of willpower for 325 gold pieces
 17569 | Orc:1    | Found Pehuame's Magic Scroll Shoppe.
 18287 | D:10     | Killed AdnanSaban's ghost
 18332 | D:10     | Identified the amulet of Bauguf {RegenMP Will- Dex+4 SInv}
 18334 | D:10     | Identified the +5 dagger "Haapromuv" {spect, Int+5}
 18497 | Snake:1  | Entered Level 1 of the Snake Pit
 18886 | Snake:1  | Learned a level 2 spell: Wereblood
 19175 | Snake:1  | Reached skill level 1 in Spellcasting
 19175 | Snake:1  | Reached skill level 1 in Transmutations
 19175 | Snake:1  | Reached skill level 8 in Invocations
 19291 | Snake:1  | Found a transporter.
 19401 | Snake:1  | Identified the ring of Sovereignty {+Blink rPois Str+6
                  | Stlth+}
 19406 | Snake:1  | Found a transporter.
 19556 | Snake:2  | Reached XP level 16. HP: 108/108 MP: 22/22
 19596 | Snake:2  | Reached skill level 2 in Spellcasting
 19596 | Snake:2  | Reached skill level 2 in Transmutations
 19816 | Snake:2  | Reached skill level 17 in Dodging
 19858 | Snake:2  | Reached skill level 3 in Transmutations
 19871 | Snake:1  | Reached skill level 3 in Spellcasting
 19888 | Snake:2  | Reached skill level 16 in Ranged Weapons
 20096 | Snake:2  | Found Zelyc's Self-Published Books.
 20258 | Snake:2  | Reached skill level 4 in Transmutations
 20531 | Snake:2  | Found a large runed translucent door.
 20533 | Snake:2  | Noticed Vohurruu's ghost (adept MiCK)
 20534 | Snake:2  | Found a large runed translucent door.
 21059 | Snake:3  | Reached skill level 4 in Spellcasting
 21281 | Snake:3  | Reached skill level 15 in Fighting
 21281 | Snake:3  | Reached skill level 5 in Transmutations
 21296 | Snake:3  | Reached skill level 9 in Invocations
 21454 | Snake:3  | Reached skill level 5 in Spellcasting
 21885 | Snake:3  | Found Deatt's Book Emporium.
 21886 | Snake:3  | Found Ciun's Jewellery Boutique.
 21886 | Snake:3  | Found Ylewircha's Jewellery Boutique.
 21900 | Snake:3  | Bought the ring of Circularity {rC+ Dex+5} for 637 gold
                  | pieces
 22107 | Snake:4  | Entered Level 4 of the Snake Pit
 22177 | Snake:4  | HP: 7/109 [naga warrior/+0 glaive (28)]
 22177 | Snake:4  | HP: 2/109 [constriction (5)]
 22183 | Snake:4  | HP: 9/109 [naga sharpshooter/arrow (21)]
 22194 | Snake:4  | Reached XP level 17. HP: 8/114 MP: 24/24
 22608 | Snake:4  | HP: 10/114 [naga sharpshooter/arrow (20)]
 22613 | Snake:4  | Mangled by a guardian serpent

Vanquished Creatures
  A nagaraja (Snake:4)
  An azure jelly (IceCv)
  An orc warlord (Orc:2)
  4 quicksilver oozes (IceCv)
  Snorg (Orc:2)
  3 hydras
  A catoblepas (Lair:3)
  6 anacondas
  2 salamander tyrants
  3 two-headed ogres (D:10)
  A boulder beetle (Lair:1)
  The ghost of AdnanSaban the Basher, a journeyman GrFi of Okawaru (D:10)
  6 death yaks (Lair:3)
  An orc high priest (Orc:2)
  7 naga warriors
  2 thrashing horrors (Lair:5)
  5 shock serpents
  8 naga sharpshooters
  3 skysharks
  A fire crab (Lair:5)
  2 salamander mystics (Snake:2)
  An orb spider (shapeshifter) (Lair:5)
  3 naga ritualists
  A steelbarb worm (shapeshifter) (Lair:5)
  Pikel (D:6)
  A lindwurm (Lair:4)
  9 mana vipers
  A salamander (shapeshifter) (D:9)
  An ugly thing (Lair:5)
  An oklob plant (Lair:5)
  3 orc sorcerers
  A cyclops (D:11)
  14 salamanders
  10 elephants (Lair:2)
  2 ice statues (IceCv)
  22 black mambas
  A guardian serpent (Snake:2)
  4 gargoyles (D:7)
  11 cane toads
  11 naga magi
  3 smoke demons (Lair:5)
  An orange demon (D:8)
  Maggie (D:8)
  13 komodo dragons
  3 rime drakes
  An unseen horror (D:11)
  4 trolls
  6 polar bears
  Grinder (D:6)
  2 raiju (Lair:5)
  4 dream sheep (Lair:4)
  26 blink frogs
  8 slime creatures
  3 large abominations (Lair:5)
  Sigmund (D:5)
  2 spriggans (Lair:5)
  57 yaks
  A shadow (D:11)
  A wraith (D:10)
  A ynoxinul (Lair:5)
  5 wyverns
  2 basilisks
  A chaos spawn (Lair:5)
  Menkaure (D:7)
  Edmund (D:4)
  37 nagas
  A steam dragon (D:7)
  20 water moccasins
  Duvessa (D:7)
  3 wargs
  A black bear (D:5)
  10 small abominations (Lair:5)
  2 great orb of eyes simulacra (IceCv)
  Pargi (Sewer)
  29 orc warriors
  3 ogres (Orc:1)
  2 ice beasts
  7 centaurs
  8 wolves
  2 slime creature simulacra (IceCv)
  Blork the orc (D:4)
  3 kobold brigands
  A phantom (D:6)
  20 bullfrogs
  2 gnoll sergeants
  A water moccasin zombie (D:7)
  A glowing shapeshifter simulacrum (IceCv)
  A scorpion (D:4)
  3 wights (D:8)
  Dowan (D:7)
  5 killer bees
  7 electric eels
  4 howler monkeys (D:10)
  2 hounds
  A gnoll bouda (D:5)
  18 orc priests
  2 sleepcaps
  2 jellies
  4 iguanas
  22 orc wizards
  3 shapeshifter simulacra (IceCv)
  A howler monkey zombie (D:7)
  21 gnolls
  9 adders
  A white imp (D:6)
  An ufetubus (D:7)
  2 worms
  2 dart slugs
  81 orcs
  5 endoplasms
  9 giant cockroaches
  10 hobgoblins
  8 jackals
  19 kobolds
  6 quokkas
  3 ball pythons
  5 bats
  8 frilled lizards
  12 goblins
  6 rats
747 creatures vanquished.

Vanquished Creatures (collateral kills)
  A salamander tyrant (Snake:2)
  A hydra (Lair:4)
  2 anacondas
  A two-headed ogre (D:10)
  A death yak (Lair:3)
  4 naga warriors
  2 naga sharpshooters
  A thrashing horror (Lair:5)
  Amaemon (D:8)
  A salamander mystic (Snake:3)
  A naga ritualist (Snake:2)
  A mana viper (Snake:2)
  4 salamanders
  9 black mambas
  A guardian serpent (Snake:1)
  3 blink frogs
  A dream sheep (Lair:4)
  4 slime creatures
  5 yaks
  A basilisk (Lair:2)
  A small abomination (Lair:5)
  A chaos spawn (Lair:5)
  4 nagas
  2 water moccasins
  6 orc warriors (Orc:2)
  An ogre (Orc:2)
  A wolf (Lair:2)
  A slime creature simulacrum (IceCv)
  A killer bee (D:9)
  An orc wizard (D:8)
  5 orcs
  A kobold (D:9)
70 creatures vanquished.

Vanquished Creatures (others)
  3 knights
  An orc (D:11)
4 creatures vanquished.

Grand Total: 821 creatures vanquished

Table legend: (Time is in decaauts)
 A = Elapsed time spent in this place.
 B = Non-inter-level travel time spent in this place.
 C = Inter-level travel time spent in this place.
 D = Time resting spent in this place.
 E = Time spent auto-exploring this place.
 F = Levels seen in this place.
 G = Mean time per level.
                   A        B        C        D        E       F      G
               +--------+--------+--------+--------+--------+-----+--------+
         Total |  22919 |  20526 |   2393 |    857 |  16310 |  26 |  881.5 |
       Dungeon |  10569 |   8729 |   1840 |     45 |   7368 |  12 |  880.8 |
        Temple |     59 |      8 |     51 |      0 |      0 |   1 |   59.0 |
          Lair |   6091 |   5815 |    276 |    477 |   4520 |   5 | 1218.2 |
     Snake Pit |   3964 |   3873 |     91 |    267 |   2965 |   4 |  991.0 |
  Orcish Mines |   1371 |   1237 |    134 |      0 |    960 |   2 |  685.5 |
         Sewer |    164 |    164 |      0 |      0 |    124 |   1 |  164.0 |
      Ice Cave |    698 |    698 |      0 |     68 |    373 |   1 |  698.0 |
               +--------+--------+--------+--------+--------+-----+--------+

Top non-repeatable levels by time:
  Lair:3: 1814 daAuts
 Snake:2: 1585 daAuts
  Lair:5: 1569 daAuts
     D:3: 1459 daAuts
 Snake:3: 1362 daAuts
     D:5: 1283 daAuts
    D:10: 1115 daAuts
  Lair:1: 1051 daAuts
     D:6: 1048 daAuts
  Lair:4: 988 daAuts
     D:8: 970 daAuts
     D:2: 962 daAuts
     D:9: 923 daAuts
    D:11: 869 daAuts
   Orc:2: 859 daAuts

Table legend:
 A = Non-vault XP
 B = Vault XP
 C = Vault XP percentage of total XP
 D = Non-vault monster count
 E = Vault monster count
 F = Vault count percentage of total count
                 A         B        C        D         E       F
            +---------+---------+-------+---------+---------+-------
      Total |  129255 |   59402 |  31.5 |     572 |     245 |  30.0
            +---------+---------+-------+---------+---------+-------
        D:1 |      21 |       6 |  22.2 |      13 |       3 |  18.8
        D:2 |     125 |       0 |   0.0 |      28 |       0 |   0.0
        D:3 |      91 |     248 |  73.2 |      22 |      15 |  40.5
        D:4 |     267 |     273 |  50.6 |      20 |       2 |   9.1
        D:5 |     422 |     425 |  50.2 |      11 |       8 |  42.1
        D:6 |     769 |     910 |  54.2 |      21 |       2 |   8.7
        D:7 |     885 |    2175 |  71.1 |      17 |       9 |  34.6
        D:8 |     991 |    1565 |  61.2 |      26 |       3 |  10.3
        D:9 |    2558 |     389 |  13.2 |      29 |       1 |   3.3
       D:10 |     841 |    4127 |  83.1 |      12 |       5 |  29.4
       D:11 |    5048 |     258 |   4.9 |      21 |       7 |  25.0
     Lair:1 |    6862 |       0 |   0.0 |      28 |       0 |   0.0
     Lair:2 |    9978 |    1105 |  10.0 |      37 |       7 |  15.9
     Lair:3 |    9365 |    8740 |  48.3 |      29 |      27 |  48.2
     Lair:4 |    8735 |     922 |   9.5 |      29 |       3 |   9.4
     Lair:5 |    8624 |   13474 |  61.0 |      30 |      43 |  58.9
    Snake:1 |   10271 |       0 |   0.0 |      22 |       0 |   0.0
    Snake:2 |   28559 |       0 |   0.0 |      60 |       0 |   0.0
    Snake:3 |   21463 |    1567 |   6.8 |      40 |       4 |   9.1
    Snake:4 |    8461 |    5437 |  39.1 |      18 |      10 |  35.7
      Orc:1 |    2272 |     746 |  24.7 |      33 |       2 |   5.7
      Orc:2 |    2647 |    6453 |  70.9 |      26 |      64 |  71.1
      Sewer |       0 |     161 | 100.0 |       0 |       7 | 100.0
      IceCv |       0 |   10421 | 100.0 |       0 |      23 | 100.0
            +---------+---------+-------+---------+---------+-------
